 Dungeon Crawl Stone Soup version 0.27-a0-906-g0a00ce863d (webtiles) character file.

Game seed: 14629117648849300672

113 robertstho the Chiller (level 4, -2/24 HPs)
             Began as a Deep Elf Ice Elementalist on Apr 6, 2021.
             Slain by an orc priest
             ... wielding a +0 flail
              (10 damage)
             ... on level 3 of the Dungeon.
             The game lasted 00:04:03 (3241 turns).

robertstho the Chiller (Deep Elf Ice Elementalist)  Turns: 3241, Time: 00:04:04

Health: -2/24      AC:  4    Str:  5    XL:     4   Next: 65%
Magic:  9/12       EV: 12    Int: 21    God:
Gold:   40         SH:  0    Dex: 15    Spells: 5/12 levels left

rFire    . . .     SeeInvis .   g - +0 dagger
rCold    . . .     Faith    .   (no shield)
rNeg     . . .     Spirit   .   a - +0 robe
rPois    .         Reflect  .   (no helmet)
rElec    .         Harm     .   (no cloak)
rCorr    .         Rampage  .   c - +1 pair of gloves
Will     .....                  (no boots)
Stlth    ++........             (no amulet)
HPRegen  0.08/turn              (no ring)
MPRegen  0.13/turn              (no ring)

@: freezing walls
A: no striking features
a: no special abilities


You were on level 3 of the Dungeon.
You visited 1 branch of the dungeon, and saw 3 of its levels.

You collected 40 gold pieces.

Inventory:

Hand Weapons
 e - a +0 whip
 g - a +0 dagger (weapon)
Armour
 a - a +0 robe (worn)
 c - a +1 pair of gloves (worn)
Scrolls
 b - a scroll of blinking {unknown}
 f - a scroll of teleportation
 l - a scroll of vulnerability {unknown}
Potions
 h - a potion of magic {unknown}
 i - a potion of heal wounds {unknown}
 j - a potion of lignification {unknown}
 k - 3 potions of curing


   Skills:
 + Level 0.2 Fighting
 + Level 0.2 Short Blades
 + Level 2.6 Dodging
 + Level 2.8 Stealth
 * Level 4.6 Spellcasting
 * Level 5.6 Ice Magic


You had 5 spell levels left.
You knew the following spells:

 Your Spells              Type           Power      Damage    Failure   Level
a - Freeze                Ice            100%       1d11      1%          1
b - Frozen Ramparts       Ice            56%        1d7       3%          3
c - Ozocubu's Armour      Ice            28%        N/A       3%          3

Your spell library contained the following spells:

 Spells                   Type           Power      Damage    Failure   Level
 Magic Dart               Conj           16%        1d3       12%         1
 Blink                    Tloc           N/A        N/A       17%         2
 Call Imp                 Summ           4%         N/A       17%         2
 Slow                     Hex            4%         N/A       17%         2
 Conjure Flame            Conj/Fire      4%         6-21      34%         3
 Mephitic Cloud           Conj/Pois/Air  4%         N/A       34%         3
 Hailstorm                Conj/Ice       16%        3d6       34%         4
 Summon Ice Beast         Ice/Summ       16%        N/A       34%         4


Dungeon Overview and Level Annotations

Branches:
Dungeon (3/15)

Altars:
Zin


Message History

You closely miss the frilled lizard.
The frilled lizard is heavily wounded.
The frilled lizard misses you.
Casting: Frozen Ramparts (quite dangerous; 3% risk of failure)
Confirm with . or Enter, or press ? or * to list all spells.
The spell is quite dangerous to cast (3% risk of failure)!
Continue anyway? [Y]es or [N]o only, please.
The spell is quite dangerous to cast (3% risk of failure)!
Continue anyway?
Casting: Frozen Ramparts (quite dangerous; 3% risk of failure)
Press: ? - help, Dir - look around, f - activate The walls around you are covered in ice.
The wall freezes the frilled lizard!
You kill the frilled lizard!
The frozen ramparts melt away.
b - a scroll labelled SUOFIP YLEIMEPT An orc priest comes into view.
It is wielding a +0 flail.
The orc priest shouts!
An orc priest is nearby!
An orc priest is nearby!
An orc priest is nearby!
An orc priest is nearby!
An orc comes into view. It is wielding a +0 hand axe.
An orc comes into view. It is wielding a +0 hand axe.
The orc moves out of view.
The orc priest invokes the aid of Beogh against you.
Beogh smites you!
Ouch! That really hurt!
You hear a shout!
You are too injured to fight recklessly!
Casting: Frozen Ramparts (quite dangerous; 3% risk of failure)
Confirm with . or Enter, or press ? or * to list all spells.
The spell is quite dangerous to cast (3% risk of failure)!
Continue anyway? [Y]es or [N]o only, please.
The spell is quite dangerous to cast (3% risk of failure)!
Continue anyway?
Casting: Frozen Ramparts (quite dangerous; 3% risk of failure)
Press: ? - help, Dir - look around, f - activate The walls around you are covered in ice.
The wall freezes the orc priest!
The orc priest hits you with a +0 flail!
You die...

..... ...# .o.+
...### #....#
#....# #o...#
#@...# #.####
#.########
#........#
########.#########
.................
#.#####.#########
#.# #.#


You could see an orc priest and an orc.

Vanquished Creatures
  3 adders (D:2)
  An ufetubus (D:2)
  3 worms
  6 endoplasms
  3 giant cockroaches
  3 goblins
  5 hobgoblins
  6 jackals
  10 kobolds
  8 ball pythons
  7 bats
  8 frilled lizards
  7 rats
70 creatures vanquished.

Vanquished Creatures (others)
  5 plants (D:1)
5 creatures vanquished.

Grand Total: 75 creatures vanquished

Notes
Turn   | Place    | Note
-------+----------+-------------------------------------------
     0 | D:1      | robertstho the Deep Elf Ice Elementalist began the quest
                  | for the Orb.
     0 | D:1      | Reached XP level 1. HP: 10/10 MP: 6/6
   234 | D:1      | Reached XP level 2. HP: 10/15 MP: 6/8
   755 | D:1      | Reached skill level 5 in Ice Magic
   813 | D:1      | Reached XP level 3. HP: 19/19 MP: 8/10
  1548 | D:2      | Learned a level 3 spell: Frozen Ramparts
  1552 | D:2      | Learned a level 3 spell: Ozocubu's Armour
  1976 | D:2      | Found a glowing silver altar of Zin.
  2163 | D:2      | Reached XP level 4. HP: 23/24 MP: 12/12
  3241 | D:3      | Slain by an orc priest

Illustrated notes

Levels and vault maps discovered:
D:1:      sevenhm_arrival_forest_fort_large_4, layout_basic, st_stairs_3,
          lexackson_kobold_supper
D:2:      layout_basic, basic_altar, kennysheep_generic_room_14
D:3:      layout_basic, lemuel_blue_sif_altar, hangedman_decor_push, uniq_purgy,
          uniq_terence

Skill      XL: |  1  2  3 |
---------------+----------+-----
Ice Magic      | 5 |  5.6
Spellcasting   | 4 |  4.6
Fighting       | |  0.2
Short Blades   | |  0.2
Dodging        | |  2.6
Stealth        | |  2.8

Action                   |  1- 3 |  4- 6 || total
-------------------------+-------+-------++-------
Melee: Unarmed           |     3 |       ||     3
       Dagger            |    64 |    30 ||    94
 Cast: Freeze            |    53 |     8 ||    61
       Frozen Ramparts   |     2 |     5 ||     7
  Use: Scroll            |       |     3 ||     3
 Stab: Sleeping          |     4 |     3 ||     7
Armor: Robe              |    33 |    13 ||    46
Dodge: Dodged            |    59 |    25 ||    84

Table legend: (Time is in decaauts)
 A = Elapsed time spent in this place.
 B = Non-inter-level travel time spent in this place.
 C = Inter-level travel time spent in this place.
 D = Time resting spent in this place.
 E = Time spent auto-exploring this place.
 F = Levels seen in this place.
 G = Mean time per level.
                   A        B        C        D        E       F      G
               +--------+--------+--------+--------+--------+-----+--------+
         Total |   3239 |   3119 |    120 |    263 |   2434 |   3 | 1079.7 |
       Dungeon |   3239 |   3119 |    120 |    263 |   2434 |   3 | 1079.7 |
               +--------+--------+--------+--------+--------+-----+--------+

Top non-repeatable levels by time:
     D:2: 1588 daAuts
     D:1: 1531 daAuts
     D:3: 119 daAuts
